 Dungeon Crawl Stone Soup version 0.20-a0-502-g555d78b (webtiles) character file.

807 nono the Slinger (level 8, -9/46 HPs)
             Began as a Halfling Necromancer on Jan 20, 2017.
             Was a Follower of Uskayaw.
             Killed by divine providence
             ... invoked by an orc priest
              (15 damage)
             ... on level 6 of the Dungeon.
             The game lasted 00:39:32 (7780 turns).

nono the Slinger (Halfling Necromancer)             Turns: 7780, Time: 00:39:33

Health: -9/46      AC:  7    Str: 14    XL:     8   Next: 14%
Magic:  10/10      EV: 13    Int: 13    God:    Uskayaw [*.....]
Gold:   253        SH:  4    Dex: 15    Spells: 5/10 levels left

rFire    . . .     SeeInvis +   a - +1 dagger (venom)
rCold    . . .     Gourm    .   x - +0 ring mail
rNeg     . . .     Faith    .   J - +0 buckler
rPois    .         Spirit   .   z - +0 helmet {SInv}
rElec    .         Reflect  .   u - +0 cloak
rCorr    .         Harm     .   (no gloves)
MR       .....                  (no boots)
Stlth    ++........             I - amulet of inaccuracy (curse)
Regen    0.2/turn               (no ring)
                                G - +3 ring of strength

@: very slightly contaminated, hasted, very quick
A: mutation resistance 1
a: Stomp, Renounce Religion


You were on level 6 of the Dungeon.
You worshipped Uskayaw.
Uskayaw was noncommittal.
You were very hungry.

You visited 2 branches of the dungeon, and saw 7 of its levels.

You collected 253 gold pieces.

Inventory:

Hand Weapons
 a - a +1 dagger of venom (weapon)
 b - a +0 hunting sling
 d - a +0 whip
 j - a +2 falchion of holy wrath
 m - a +0 dagger
 w - a +2 hand axe of flaming
 E - a +1 hand axe of electrocution
Missiles
 e - 154 stones (quivered)
 i - 11 tomahawks
 n - 56 sling bullets
Armour
 f - a +0 robe
 t - a +0 shield
 u - a +0 cloak (worn)
 x - a +0 ring mail (worn)
 z - a +0 helmet of see invisible (worn)
 J - a +0 buckler (worn)
Jewellery
 p - an uncursed ring of ice
 G - a +3 ring of strength (left hand)
 I - a cursed amulet of inaccuracy (around neck)
Wands
 D - a wand of polymorph (21/24)
Scrolls
 o - 2 scrolls of remove curse {unknown}
 q - a scroll of immolation {unknown}
 r - a scroll of blinking
 s - a scroll of fog {unknown}
 F - a scroll of teleportation {unknown}
 K - 4 scrolls of magic mapping
 M - a scroll of fear
Potions
 g - a potion of agility
 h - a potion of resistance {unknown}
 v - 2 potions of might {unknown}
 B - 2 potions of flight {unknown}
 C - a potion of brilliance
 H - a potion of invisibility {unknown}
Books
 y - a book of Necromancy

   Spells                             Type                      Level
   a - Pain                           Necromancy                   1
   b - Animate Skeleton               Necromancy                   1
   c - Vampiric Draining              Necromancy                   3
   d - Regeneration                   Charms/Necromancy            3
   e - Animate Dead                   Necromancy                   4
   f - Control Undead                 Necromancy                   4
Comestibles
 c - 4 bread rations
 l - 2 meat rations
 A - 15 fruits


   Skills:
 - Level 2.6 Axes
 + Level 9.4 Slings
 - Level 1.6 Armour
 - Level 2.7 Dodging
 - Level 3.6 Stealth
 - Level 1.5 Spellcasting
 - Level 2.1 Charms
 - Level 3.4 Necromancy


You had 5 spell levels left.
You knew the following spells:

 Your Spells              Type           Power        Failure   Level  Hunger
a - Pain                  Necr           #...         24%         1    ##.....
b - Animate Skeleton      Necr           N/A          24%         1    ##.....
c - Regeneration          Chrm/Necr      #.........   86%         3    ####...


Dungeon Overview and Level Annotations

Branches:
Dungeon (6/15)             Temple (1/1) D:4

Altars:
Ashenzari
Cheibriados
Dithmenos
Elyvilon
Gozag
Makhleb
Okawaru
Ru
Sif Muna
Trog
Uskayaw
Vehumet
Zin


Innate Abilities, Weirdness & Mutations

You are small and have problems with some larger weapons.
You are somewhat resistant to further mutation.


Message History

The orc priest barely misses you.
You barely miss the orc priest.
The orc priest is severely wounded.
The orc priest closely misses you.
You can no longer pass through a line of other dancers.
You barely miss the orc priest.
The orc priest is severely wounded.
The orc priest barely misses you.
You miss the orc priest.
The orc priest is severely wounded.
You block the orc priest's attack.
You feel yourself speed up. You block the orc priest's attack.
You are very lightly contaminated with residual magic.
You closely miss the orc priest.
The orc priest is severely wounded.
You completely miss the orc priest.
The orc priest is severely wounded.
The orc priest mumbles some strange prayers to Beogh against you.
Beogh smites you!
You die...

######.#######.#
#.....# #.#
#.###.# #.#
######.# #.#
#......# #.#
##.###### #.##
...# #.(# #..#
##.# #..# #@#
...# #o# #.##
#o# ... #o# ...
.(# ... ..# ....
.(. ##.#


You could see an orc priest and 2 orcs.

Vanquished Creatures
  A centaur (D:5)
  2 scorpions
  A crimson imp (D:6)
  3 orc priests
  A bullfrog skeleton (D:5)
  A jelly (D:5)
  Jessica (D:3)
  4 orc wizards
  Natasha (D:3)
  A worker ant (D:4)
  12 adders
  A shadow imp (D:5)
  An ooze (D:2)
  An adder skeleton (D:6)
  A worm (D:4)
  5 dart slugs
  4 leopard geckos
  24 orcs
  5 bats
  6 giant cockroaches
  7 goblins
  11 hobgoblins
  3 jackals (D:1)
  2 quokkas (D:3)
  3 ball pythons
  4 frilled lizards
  A jackal skeleton (D:5)
  5 kobolds
  5 rats
117 creatures vanquished.

Notes
Turn   | Place    | Note
-------+----------+-------------------------------------------
     0 | D:1      | nono the Halfling Necromancer began the quest for the Orb.
     0 | D:1      | Reached XP level 1. HP: 11/11 MP: 3/3
   567 | D:1      | Reached skill level 1 in Armour
   567 | D:1      | Reached XP level 2. HP: 12/17 MP: 4/4
   614 | D:1      | Learned a level 1 spell: Animate Skeleton
  1068 | D:1      | Reached XP level 3. HP: 3/21 MP: 0/5
  1511 | D:1      | Reached skill level 1 in Axes
  1806 | D:2      | Reached XP level 4. HP: 18/27 MP: 6/6
  1841 | D:2      | Learned a level 3 spell: Regeneration
  2154 | D:2      | Reached skill level 1 in Charms
  2408 | D:2      | Reached XP level 5. HP: 22/31 MP: 0/7
  3069 | D:3      | Reached skill level 2 in Slings
  3331 | D:3      | Reached skill level 3 in Slings
  3461 | D:3      | Reached XP level 6. HP: 32/36 MP: 8/8
  3675 | D:3      | Noticed Jessica
  3682 | D:3      | Killed Jessica
  3682 | D:3      | Reached skill level 4 in Slings
  3995 | D:3      | Noticed Natasha
  4010 | D:3      | Killed Natasha
  4010 | D:3      | Reached skill level 5 in Slings
  4400 | D:3      | Found a faded altar of an unknown god.
  4474 | D:4      | Found an opulent altar of Gozag.
  4668 | D:4      | Reached skill level 6 in Slings
  4766 | D:4      | Found a staircase to the Ecumenical Temple.
  4775 | Temple   | Entered the Ecumenical Temple
  4855 | Temple   | Became a worshipper of Uskayaw the Reveler
  4985 | D:4      | Noticed an ogre
  5004 | D:4      | Reached XP level 7. HP: 36/41 MP: 9/9
  5231 | D:4      | Reached * piety under Uskayaw
  5309 | D:5      | Entered Level 5 of the Dungeon
  5637 | D:4      | Reached skill level 7 in Slings
  6034 | D:5      | Found a shadowy altar of Dithmenos.
  6034 | D:5      | Found a glowing silver altar of Zin.
  6034 | D:5      | Found a radiant altar of Vehumet.
  6846 | D:5      | Reached skill level 8 in Slings
  7226 | D:5      | Reached XP level 8. HP: 25/46 MP: 10/10
  7408 | D:5      | Reached skill level 9 in Slings
  7761 | D:6      | Reached ** piety under Uskayaw
  7780 | D:6      | Killed from afar by an orc priest

Vault maps used:
D:1:      dpeg_arrival_water_altar, serial_forest, infiniplex_forest_lined_2,
          infiniplex_forest_pool, infiniplex_forest_lined_2,
          infiniplex_forest_clump_long, infiniplex_forest_clump_diagonal,
          infiniplex_forest_clump_cross, infiniplex_forest_lined_2
D:2:      first_bread
D:3:      chequers_ecumenical_altar_lobes, dk_vineyard_2, minivault_19,
          uniq_jessica, uniq_natasha
D:4:      nicolae_gozag_seed_capital
D:5:      grunt_temple_overflow_open, kennysheep_boxes
D:6:      nicolae_ru_path_of_blood
Temple:   nicolae_temple_figure_zero

Skill      XL: |  1  2  3  4  5  6  7  8 |
---------------+-------------------------+-----
Armour         | 1 |  1.6
Axes           | 1 2 |  2.6
Charms         | 1 2 |  2.1
Slings         | 3 6 8 9 |  9.4
Stealth        | 3 |  3.6
Dodging        | |  2.7
Spellcasting   | |  1.5
Necromancy     | |  3.4

Action                   |  1- 3 |  4- 6 |  7- 9 || total
-------------------------+-------+-------+-------++-------
Melee: Hand axe          |    44 |    89 |       ||   133
       Dagger            |       |    75 |   143 ||   218
 Fire: Hunting sling     |       |    77 |    60 ||   137
Throw: Stone             |     8 |       |       ||     8
 Cast: Pain              |    23 |    30 |       ||    53
       Animate Skeleton  |     1 |     3 |       ||     4
       Regeneration      |       |     1 |       ||     1
  Use: Potion            |     1 |       |     3 ||     4
       Scroll            |       |       |     8 ||     8
 Stab: Sleeping          |       |     2 |     1 ||     3
  Eat: Chunk             |     3 |     9 |     8 ||    20
       Beef jerky        |       |     1 |       ||     1
       Fruit             |       |       |     1 ||     1
Armor: Robe              |     2 |     9 |       ||    11
       Ring mail         |       |    36 |    49 ||    85
Dodge: Dodged            |    35 |   138 |   132 ||   305
Block: Buckler           |       |       |    28 ||    28
